[Event "Test Tournament"]
[Site "Emanuel Lasker Arena"]
[Date "2024.04.09"]
[Round "2"]
[White "Knightess"]
[Black "Mrs Florrick"]
[Result "0-1"]
[WhiteElo "1620"]
[BlackElo "1780"]
[Annotator "NA RC"]
[PlyCount "64"]
[EventDate "2024.04.09"]
[EventType "swiss (blitz)"]
[TimeControl "60"]

1. d4 Nf6 2. Nc3 d5 3. Bg5 e6 4. e4 dxe4 5. Nxe4 Be7 6. Bxf6 gxf6 7. Bb5+ c6 8. Be2 Qd5 9. Bf3 f5 10. c4 Qxc4 11. Be2 Qd5 12. Nc5 Qxg2 13. Bf3 Nd7 14. Bxg2 Nxc5 15. dxc5 Bxc5 16. f4 Rg8 17. Bf3 Bxg1 18. Qd6 Be3 19. Rd1 Bb6 20. Bxc6+ bxc6 21. Qxc6+ Ke7 22. Qxa8 Be3 23. Qc6 Bxf4 24. Rd4 Be3 25. Qc7+ Kf6 26. Re4 fxe4 27. Qc2 a5 28. Qc3+ Ke7 29. Qxe3 Rg2 30. Qd4 Bd7 31. Rf1 Rxh2 32. Rf2 {[%emt 0:00:01] .} Rxf2 0-1

[Event "Test Tournament"]
[Site "Emanuel Lasker Arena"]
[Date "2024.04.09"]
[Round "2"]
[White "Melancholia"]
[Black "Sunset"]
[Result "0-1"]
[WhiteElo "1620"]
[BlackElo "1878"]
[Annotator "NA RC"]
[PlyCount "36"]
[EventDate "2024.04.09"]
[EventType "swiss (blitz)"]
[TimeControl "60"]

1. d4 Nf6 2. c4 e6 3. Nf3 d5 4. Nc3 Be7 5. Bg5 h6 6. Qa4+ Bd7 7. Qb3 hxg5 8. Qxb7 Nc6 9. O-O-O Na5 10. h4 Nxb7 11. Nxg5 Ng4 12. f4 Nf2 13. cxd5 Nxd1 14. Kxd1 Bxg5 15. hxg5 Rxh1 16. dxe6 Rxf1+ 17. Kc2 Bxe6 18. d5 Bd7 {[%emt 0:00:01] Melancholia resigns (Lag: Av=0.06s, max=0.2s)} 0-1

[Event "Test Tournament"]
[Site "Emanuel Lasker Arena"]
[Date "2024.04.09"]
[Round "2"]
[White "Melancholia"]
[Black "AlphaHero"]
[Result "0-1"]
[WhiteElo "1620"]
[BlackElo "2021"]
[Annotator "RC"]
[PlyCount "44"]
[EventDate "2024.04.09"]
[EventType "swiss (blitz)"]
[TimeControl "60"]

1. e4 e5 2. Nf3 Nc6 3. Bb5 Nf6 4. O-O Nxe4 5. d4 Be7 6. Qe2 Nd6 7. Nxe5 Nxd4 8. Qg4 N4xb5 9. Qxg7 Bf6 10. Qg3 Nd4 11. Nc3 Nxc2 12. Ng4 h5 13. Nxf6+ Qxf6 14. Nd5 Qd4 15. Nxc7+ Kf8 16. Nxa8 Ne4 17. Qf3 d5 18. Nc7 Bg4 19. Bf4 Bxf3 20. gxf3 Rg8+ 21. Kh1 Nxa1 22. Rxa1 Nxf2# {[%emt 0:00:02] (Lag: Av=0.07s, max=0.5s)} 0-1

[Event "Test Tournament"]
[Site "Emanuel Lasker Arena"]
[Date "2024.04.09"]
[Round "2"]
[White "Roberta Draper"]
[Black "ArrowPlay"]
[Result "1-0"]
[WhiteElo "1620"]
[BlackElo "2027"]
[Annotator "RC"]
[PlyCount "65"]
[EventDate "2024.04.09"]
[EventType "swiss (blitz)"]
[TimeControl "60"]

1. e4 c6 2. d4 d5 3. e5 Bf5 4. g4 Be4 5. f3 Bg6 6. e6 Qd6 7. exf7+ Bxf7 8. f4 Nf6 9. Qe2 Nbd7 10. g5 Nh5 11. Bh3 Nxf4 12. Qe3 e5 13. Bxd7+ Kxd7 14. Qb3 Qb4+ 15. Nc3 Qxb3 16. axb3 Bb4 17. Ra4 a5 18. dxe5 b5 19. g6 Bxg6 20. Ra1 Ne6 21. Nf3 Bxc2 22. Be3 Bxb3 23. h4 a4 24. Kd2 Rhf8 25. Ng5 d4 26. Nxh7 dxe3+ 27. Kxe3 Bc5+ 28. Kd3 Rf3+ 29. Kd2 Be3+ 30. Ke2 Nd4+ 31. Ke1 b4 32. Ne4 Nc2+ {[%emt 0:00:02] '} 33. Ke2 {[%emt 0:00:01] (Lag: Av=0.06s, max=0.3s)} 1-0

[Event "Test Tournament"]
[Site "Emanuel Lasker Arena"]
[Date "2024.04.09"]
[Round "2"]
[White "Sauerbruch"]
[Black "Beaujolais"]
[Result "0-1"]
[WhiteElo "1620"]
[BlackElo "2200"]
[Annotator "RC"]
[PlyCount "94"]
[EventDate "2024.04.09"]
[EventType "swiss (blitz)"]
[TimeControl "60"]

1. e4 Nf6 2. e5 Nd5 3. d4 d6 4. c4 Nb6 5. f4 Bf5 6. Nc3 dxe5 7. fxe5 e6 8. Be3 Nc6 9. Nf3 Bg4 10. Qd2 Bb4 11. a3 Bxc3 12. Qxc3 Bxf3 13. gxf3 Qh4+ 14. Bf2 Qf4 15. h4 O-O-O 16. Be3 Qxf3 17. Rh3 Qg4 18. b4 Nxd4 19. c5 Nf3+ 20. Rxf3 Nd5 21. c6 Nxc3 22. cxb7+ Kxb7 23. Kf2 Rd1 24. Rc1 Qxh4+ 25. Kg1 Ne2+ 26. Kg2 Nxc1 27. Bxc1 Rxc1 28. Rh3 Qe4+ 29. Rf3 Rxf1 30. Kxf1 Qxf3+ 31. Ke1 Qe3+ 32. Kf1 Qd3+ 33. Kf2 Qd2+ 34. Kf3 Qd3+ 35. Kg4 Qe2+ 36. Kf4 Qd2+ 37. Ke4 Qe2+ 38. Kf4 Qd2+ 39. Kg3 Qe1+ 40. Kf3 Qd1+ 41. Ke3 Qe1+ 42. Kd4 Rd8+ 43. Kc4 Qe2+ 44. Kb3 Qd1+ 45. Kc4 Qc1+ 46. Kb5 c6+ 47. Ka5 Qxa3# {[%emt 0:00:01] (Lag: Av=0.06s, max=0.4s)} 0-1

[Event "Test Tournament"]
[Site "Emanuel Lasker Arena"]
[Date "2024.04.09"]
[Round "2"]
[White "Sauerbruch"]
[Black "Churchill"]
[Result "1-0"]
[WhiteElo "1620"]
[BlackElo "1620"]
[Annotator "NA RC"]
[PlyCount "39"]
[EventDate "2024.04.09"]
[EventType "swiss (blitz)"]
[TimeControl "60"]

1. e4 c6 2. d4 d5 3. e5 Bf5 4. g4 Be4 5. f3 Bg6 6. h4 Qa5+ 7. c3 e6 8. h5 Ba3 9. hxg6 Be7 10. Qb3 fxg6 11. Qxb7 Nh6 12. Rxh6 gxh6 13. Qxa8 Bh4+ 14. Kd1 O-O 15. Bxh6 Qb6 16. Bxf8 Qxb2 17. Bb4 Qxa1 18. Qxb8+ Bd8 19. Qxd8+ Kg7 20. Qf8# {[%emt 0:00:02] (Lag: Av=0.09s, max=0.8s)} 1-0

[Event "Test Tournament"]
[Site "Emanuel Lasker Arena"]
[Date "2024.04.09"]
[Round "2"]
[White "Stachelrochade"]
[Black "Lord Grantham"]
[Result "0-1"]
[WhiteElo "1620"]
[BlackElo "1766"]
[Annotator "NA RC"]
[PlyCount "78"]
[EventDate "2024.04.09"]
[EventType "swiss (blitz)"]
[TimeControl "60"]

1. d4 d5 2. c4 e6 3. Nf3 Nf6 4. g3 Bb4+ 5. Bd2 Be7 6. Bg2 O-O 7. O-O Nbd7 8. Qc2 c5 9. dxc5 Nxc5 10. cxd5 Nxd5 11. Rd1 Qb6 12. Bg5 Nb4 13. Qc4 Bd6 14. Rxd6 Qxd6 15. Qxb4 a5 16. Qd4 Ra6 17. Qxd6 Rxd6 18. Nc3 b5 19. Nxb5 Rb6 20. Na7 Rxb2 21. Nxc8 Rxc8 22. Nd4 e5 23. Nc6 f6 24. Ne7+ Kf8 25. Nxc8 fxg5 26. Rc1 Na4 27. Bd5 Rxe2 28. Nd6 g4 29. Rc7 Rd2 30. Bb3 Rxd6 31. Bxa4 Rd2 32. Rc2 Rd4 33. Bb5 Rd1+ 34. Kg2 g5 35. f3 Ra1 36. h3 Rb1 37. Bd3 Ra1 38. Bxh7 Kf7 39. h4 {[%emt 0:00:01] .} Kg7 0-1

[Event "Test Tournament"]
[Site "Emanuel Lasker Arena"]
[Date "2024.04.09"]
[Round "2"]
[White "Stachelrochade"]
[Black "Schachmatz"]
[Result "1/2-1/2"]
[WhiteElo "1620"]
[BlackElo "1620"]
[Annotator "NA RC"]
[PlyCount "106"]
[EventDate "2024.04.09"]
[EventType "swiss (blitz)"]
[TimeControl "60"]

1. d4 d5 2. c4 e5 3. dxe5 Ne7 4. cxd5 Qxd5 5. Qxd5 Nxd5 6. Nc3 Be6 7. Nb5 Bb4+ 8. Bd2 c6 9. Bxb4 cxb5 10. Bd6 h5 11. Nf3 h4 12. e3 Nc6 13. Bxb5 O-O-O 14. Ng5 Ndb4 15. O-O a5 16. a3 Nc2 17. Nxe6 fxe6 18. Rac1 h3 19. Rxc2 hxg2 20. Kxg2 Rh5 21. Bxc6 bxc6 22. Be7 Rh6 23. Bxd8 Kxd8 24. Rxc6 Kd7 25. Rfc1 Rh4 26. Rc8 Rg4+ 27. Kf1 Rb4 28. R1c6 Rb7 29. Ke2 Rxb2+ 30. Rc2 g5 31. R8c7+ Kd8 32. Rxb2 Kxc7 33. a4 Kd7 34. Kd3 Kc6 35. f4 Kd5 36. Rb5+ Kc6 37. fxg5 Kc7 38. Rxa5 Kb6 39. g6 Kxa5 40. g7 Kxa4 41. g8=B Kb4 42. Bxe6 Kc5 43. h4 Kb4 44. h5 Kc5 45. h6 Kc6 46. h7 Kc7 47. h8=N Kc6 48. Ke4 Kc5 49. Kf5 Kc6 50. Ng6 Kc5 51. Kf6 Kc6 52. Ba2 Kd7 53. e6+ {[%emt 0:00:00] .} Kd6 1/2-1/2

[Event "Test Tournament"]
[Site "Emanuel Lasker Arena"]
[Date "2024.04.09"]
[Round "2"]
[White "Triskaidekaphobe"]
[Black "Kalinda"]
[Result "1-0"]
[WhiteElo "1620"]
[BlackElo "2102"]
[Annotator "RC"]
[PlyCount "39"]
[EventDate "2024.04.09"]
[EventType "swiss (blitz)"]
[TimeControl "60"]

1. c4 c5 2. Nf3 Nc6 3. Nc3 g6 4. e3 Nf6 5. d4 cxd4 6. exd4 d5 7. cxd5 Nxd5 8. Qb3 e6 9. Bg5 Qb6 10. Bb5 Bg7 11. Na4 Qa5+ 12. Bd2 Qc7 13. Rc1 Bd7 14. Nc5 O-O 15. Nxd7 Qxd7 16. O-O Rac8 17. Ne5 Qe7 18. Bxc6 bxc6 19. Nxc6 Qh4 20. g3 {[%emt 0:00:02] Time ' (Lag: Av=0.05s, max=0.1s)} 1-0

[Event "Test Tournament"]
[Site "Emanuel Lasker Arena"]
[Date "2024.04.09"]
[Round "2"]
[White "Botany"]
[Black "Melancholia"]
[Result "0-1"]
[WhiteElo "1553"]
[BlackElo "1620"]
[Annotator "NA RC"]
[PlyCount "74"]
[EventDate "2024.04.09"]
[EventType "swiss (blitz)"]
[TimeControl "60"]

1. d4 Nf6 2. c4 c5 3. d5 b5 4. cxb5 a6 5. bxa6 g6 6. Nc3 Bxa6 7. Bf4 Qa5 8. a4 Qb4 9. Bc7 Qxb2 10. Rc1 Bh6 11. Rc2 Ne4 12. Rxb2 Nxc3 13. Qb3 O-O 14. Qxc3 f5 15. Qxc5 Rc8 16. Qxe7 Bf8 17. Qe5 Bg7 18. Rxb8 Bxe5 19. Bxe5 Raxb8 20. Bxb8 Rxb8 21. Nf3 Rb1+ 22. Kd2 d6 23. a5 g5 24. Nxg5 Ra1 25. e3 Bxf1 26. h3 h6 27. h4 hxg5 28. hxg5 Kf7 29. f3 Kg7 30. Kc2 Bc4 31. Rxa1 Bxd5 32. a6 Kg6 33. Ra5 Bc6 34. Kd3 Kxg5 35. e4 Kh4 36. exf5 Kg3 {[%emt 0:00:01] .} 37. Ra2 Bd5 0-1

[Event "Test Tournament"]
[Site "Emanuel Lasker Arena"]
[Date "2024.04.09"]
[Round "3"]
[White "Chartwell"]
[Black "Einpassant"]
[Result "0-1"]
[WhiteElo "2150"]
[BlackElo "1620"]
[Annotator "RC"]
[PlyCount "72"]
[EventDate "2024.04.09"]
[EventType "swiss (blitz)"]
[TimeControl "60"]

1. c4 c5 2. g3 Nf6 3. Bg2 e6 4. Nf3 Nc6 5. O-O d5 6. d4 dxc4 7. Qa4 Bd7 8. dxc5 Bxc5 9. Qxc4 Qb6 10. Nc3 Na5 11. Qf4 O-O 12. Ne5 Rad8 13. e3 Bc6 14. Na4 Qb4 15. Nxc5 Qxc5 16. b4 Qc3 17. Nxc6 Nxc6 18. Bxc6 Qxa1 19. Bxb7 Qxa2 20. b5 Rd3 21. e4 Rfd8 22. Be3 Rd1 23. Qc7 Qe2 24. Rxd1 Rxd1+ 25. Kg2 Ne8 26. Qe5 Nd6 27. Bc6 Qf1+ 28. Kf3 Rd3 29. Kf4 Rxe3 30. Qxd6 Qxf2+ 31. Kg4 Qe2+ 32. Kf4 h5 33. Qe7 Rd3 34. b6 Qf3+ 35. Ke5 f6+ 36. Kxe6 Qg4# {[%emt 0:00:01] (Lag: Av=0.05s, max=0.2s)} 0-1

[Event "Test Tournament"]
[Site "Emanuel Lasker Arena"]
[Date "2024.04.09"]
[Round "3"]
[White "Antonella"]
[Black "Alicia"]
[Result "0-1"]
[WhiteElo "2040"]
[BlackElo "2226"]
[Annotator "RC"]
[PlyCount "64"]
[EventDate "2024.04.09"]
[EventType "swiss (blitz)"]
[TimeControl "60"]

1. d4 Nf6 2. c4 g6 3. Nc3 Bg7 4. e4 d6 5. Nf3 O-O 6. Be2 e5 7. O-O Nbd7 8. Re1 c6 9. Bf1 Re8 10. d5 c5 11. a4 Nf8 12. Ra3 h6 13. h3 a5 14. Nb5 g5 15. Nd2 g4 16. Nb1 gxh3 17. gxh3 h5 18. Rg3 h4 19. Qd4 exd4 20. Rf3 Nxe4 21. b4 Ng5 22. Nxd6 Nxf3+ 23. Kg2 Nxe1+ 24. Kh1 Qxd6 25. bxc5 Qxc5 26. Ba3 Qc7 27. Bxf8 Kxf8 28. Na3 Bxh3 29. Nb5 Qd7 30. Kh2 Bxf1 31. d6 Qg4 32. Kh1 Qg2# {[%emt 0:00:01] (Lag: Av=0.07s, max=0.7s)} 0-1

[Event "Test Tournament"]
[Site "Emanuel Lasker Arena"]
[Date "2024.04.09"]
[Round "3"]
[White "ArrowPlay"]
[Black "Roberta Draper"]
[Result "1-0"]
[WhiteElo "2027"]
[BlackElo "1620"]
[Annotator "RC"]
[PlyCount "67"]
[EventDate "2024.04.09"]
[EventType "swiss (blitz)"]
[TimeControl "60"]

1. d4 Nf6 2. c4 g6 3. Nc3 Bg7 4. e4 d6 5. Nf3 O-O 6. Be2 Na6 7. Be3 e5 8. O-O Ng4 9. Bg5 Qe8 10. dxe5 dxe5 11. h3 h6 12. Bc1 Nf6 13. Be3 Qe7 14. Nd5 Qd6 15. Nc3 Bd7 16. Qc1 Nc5 17. Rd1 Qe7 18. Bxh6 Ncxe4 19. Nxe4 Nxe4 20. Rd5 f6 21. Bd3 Nc5 22. Bxg6 a5 23. Qe3 c6 24. Rxc5 Bxh3 25. Rd1 Rfd8 26. Re1 Bg4 27. Bxg7 Kxg7 28. Nxe5 fxe5 29. Rxe5 Qh4 30. Rg5 Bd1 31. Be8+ Kh6 32. Qe6+ Kxg5 33. Qg6+ Kf4 34. Re4# {[%emt 0:00:01] (Lag: Av=0.06s, max=0.4s)} 1-0

[Event "Test Tournament"]
[Site "Emanuel Lasker Arena"]
[Date "2024.04.09"]
[Round "3"]
[White "Myopix"]
[Black "PinPointPro"]
[Result "0-1"]
[WhiteElo "1965"]
[BlackElo "1984"]
[Annotator "RC"]
[PlyCount "68"]
[EventDate "2024.04.09"]
[EventType "swiss (blitz)"]
[TimeControl "60"]

1. e4 e5 2. Nf3 Nc6 3. Bb5 a6 4. Ba4 Nf6 5. O-O Be7 6. Re1 b5 7. Bb3 O-O 8. c3 d6 9. d4 Bg4 10. d5 Na5 11. Bc2 c6 12. Bd3 cxd5 13. exd5 Nxd5 14. Be4 Nb6 15. Bxa8 Qxa8 16. Qd3 Nac4 17. Ng5 f5 18. Ne6 e4 19. h3 exd3 20. hxg4 Qd5 21. Nxf8 Kxf8 22. g5 g6 23. Nd2 Na4 24. g4 Ne5 25. f4 Nf3+ 26. Nxf3 Qxf3 27. Re6 Qxg4+ 28. Kf2 Kf7 29. Ke3 Qg3+ 30. Kd2 Qf2+ 31. Kd1 Kxe6 32. Bd2 Qe2+ 33. Kc1 Qf1+ 34. Be1 Qxe1# {[%emt 0:00:01] (Lag: Av=0.05s, max=0.1s)} 0-1

[Event "Test Tournament"]
[Site "Emanuel Lasker Arena"]
[Date "2024.04.09"]
[Round "3"]
[White "Copacablanca"]
[Black "Girlfriend Chess"]
[Result "0-1"]
[WhiteElo "1922"]
[BlackElo "1752"]
[Annotator "RC"]
[PlyCount "40"]
[EventDate "2024.04.09"]
[EventType "swiss (blitz)"]
[TimeControl "60"]

1. d4 d5 2. c4 e6 3. Nf3 Nf6 4. g3 dxc4 5. Bg2 c5 6. O-O Nc6 7. Ne5 Nxd4 8. e3 Be7 9. exd4 cxd4 10. Nxc4 b5 11. Ne5 Qc7 12. Qxd4 Bc5 13. Qd3 Qxe5 14. Bc6+ Bd7 15. Bxa8 O-O 16. Bf3 a5 17. Qc3 Qf5 18. Be3 Qxf3 19. Qxc5 b4 20. Qxa5 Bc6 {[%emt 0:00:01] Copacablanca resigns (Lag: Av=0.06s, max=0.4s)} 0-1

[Event "Test Tournament"]
[Site "Emanuel Lasker Arena"]
[Date "2024.04.09"]
[Round "3"]
[White "Zimtowitch"]
[Black "Hollis"]
[Result "0-1"]
[WhiteElo "1896"]
[BlackElo "1881"]
[Annotator "NA RC"]
[PlyCount "44"]
[EventDate "2024.04.09"]
[EventType "swiss (blitz)"]
[TimeControl "60"]

1. e4 e5 2. Nf3 Nc6 3. Bb5 a6 4. Ba4 d6 5. O-O Bd7 6. c3 Nf6 7. Re1 b5 8. Qb3 bxa4 9. Qxa4 Nd4 10. Qd1 Nxf3+ 11. Qxf3 c5 12. d4 exd4 13. cxd4 cxd4 14. b4 Qc7 15. e5 Qc2 16. exf6+ Be6 17. Qxa8+ Kd7 18. a4 h5 19. b5 gxf6 20. bxa6 h4 21. a7 Qc8 22. Rxe6 Qxc1+ {[%emt 0:00:01] Zimtowitch resigns (Lag: Av=0.07s, max=0.5s)} 0-1

[Event "Test Tournament"]
[Site "Emanuel Lasker Arena"]
[Date "2024.04.09"]
[Round "3"]
[White "Dominatrix"]
[Black "Encheladus"]
[Result "0-1"]
[WhiteElo "1733"]
[BlackElo "1620"]
[Annotator "NA RC"]
[PlyCount "38"]
[EventDate "2024.04.09"]
[EventType "swiss (blitz)"]
[TimeControl "60"]

1. e4 e5 2. Nf3 Nc6 3. Bb5 a6 4. Ba4 d6 5. Bxc6+ bxc6 6. d4 f6 7. c4 Ne7 8. Be3 f5 9. Nc3 Ng6 10. Qa4 f4 11. Qxc6+ Bd7 12. Ng5 Bxc6 13. Ne6 Qd7 14. Nxf8 Nxf8 15. d5 fxe3 16. dxc6 exf2+ 17. Kxf2 Qxc6 18. h3 Qxc4 19. Nd5 h5 {[%emt 0:00:03] Dominatrix resigns (Lag: Av=0.05s, max=0.1s)} 0-1

[Event "Test Tournament"]
[Site "Emanuel Lasker Arena"]
[Date "2024.04.09"]
[Round "3"]
[White "CheckMaid"]
[Black "Fuerteventura"]
[Result "0-1"]
[WhiteElo "1650"]
[BlackElo "1620"]
[Annotator "NA RC"]
[PlyCount "38"]
[EventDate "2024.04.09"]
[EventType "swiss (blitz)"]
[TimeControl "60"]

1. e4 e5 2. Nf3 Nc6 3. Bb5 a6 4. Ba4 Nf6 5. O-O Nxe4 6. Re1 Nc5 7. Bxc6 dxc6 8. Nxe5 Be7 9. d4 Ne6 10. Be3 O-O 11. Qg4 f5 12. h3 fxg4 13. hxg4 Nxd4 14. Bxd4 Qxd4 15. Nf3 Qxb2 16. Rxe7 Qxa1 17. Ng5 Qxb1+ 18. Kh2 Bxg4 19. Rxc7 Rxf2 {[%emt 0:00:01] CheckMaid resigns (Lag: Av=0.05s, max=0.1s)} 0-1

[Event "Test Tournament"]
[Site "Emanuel Lasker Arena"]
[Date "2024.04.09"]
[Round "3"]
[White "Churchill"]
[Black "Botany"]
[Result "0-1"]
[WhiteElo "1620"]
[BlackElo "1553"]
[Annotator "NA RC"]
[PlyCount "38"]
[EventDate "2024.04.09"]
[EventType "swiss (blitz)"]
[TimeControl "60"]

1. c4 e6 2. Nf3 d5 3. g3 Nf6 4. Bg2 dxc4 5. Qa4+ Nbd7 6. Qxc4 c5 7. d4 Nd5 8. Bd2 cxd4 9. Nxd4 h5 10. O-O Bc5 11. Bxd5 exd5 12. Qxd5 O-O 13. Na3 Qb6 14. Nab5 Re8 15. a4 Ne5 16. Ba5 Qxa5 17. Qxc5 Bg4 18. b4 Rac8 19. e4 {[%emt 0:00:21] .} Rxc5 0-1

[Event "Test Tournament"]
[Site "Emanuel Lasker Arena"]
[Date "2024.04.09"]
[Round "3"]
[White "Sauerbruch"]
[Black "Girlfriend Chess"]
[Result "1-0"]
[WhiteElo "1620"]
[BlackElo "1753"]
[Annotator "NA RC"]
[PlyCount "61"]
[EventDate "2024.04.09"]
[EventType "swiss (blitz)"]
[TimeControl "60"]

1. e4 Nf6 2. e5 Nd5 3. d4 d6 4. c4 Nb6 5. f4 dxe5 6. fxe5 Bf5 7. Be3 Nc6 8. Nc3 Nb4 9. Rc1 c5 10. Nf3 cxd4 11. Nxd4 Qd7 12. Nd5 N6xd5 13. cxd5 Nxd5 14. Nxf5 e6 15. Qb3 a5 16. Bb5 Bb4+ 17. Qxb4 axb4 18. Nd6+ Kd8 19. Bxd7 Kxd7 20. Kd2 Rxa2 21. Bd4 h5 22. Rc5 Rha8 23. Rhc1 g5 24. Rc8 f5 25. g3 f4 26. R8c4 f3 27. h4 Ne3 28. Rc7+ Kd8 29. Kxe3 Ra1 30. Bb6 R8a2 31. Rxb7# {[%emt 0:00:01] (Lag: Av=0.06s, max=0.3s)} 1-0

[Event "Test Tournament"]
[Site "Emanuel Lasker Arena"]
[Date "2024.04.09"]
[Round "3"]
[White "Schachmatz"]
[Black "Mrs Florrick"]
[Result "1-0"]
[WhiteElo "1620"]
[BlackElo "1780"]
[Annotator "NA RC"]
[PlyCount "31"]
[EventDate "2024.04.09"]
[EventType "swiss (blitz)"]
[TimeControl "60"]

1. d4 Nf6 2. Nc3 d5 3. Bg5 e6 4. e4 dxe4 5. Nxe4 Be7 6. Bxf6 gxf6 7. Nf3 f5 8. Ng3 c5 9. Bb5+ Nc6 10. Qe2 cxd4 11. O-O-O Qd5 12. c4 dxc3 13. Rxd5 cxb2+ 14. Qxb2 O-O 15. Nh5 exd5 16. Qg7# {[%emt 0:00:02] (Lag: Av=0.07s, max=0.4s)} 1-0

[Event "Test Tournament"]
[Site "Emanuel Lasker Arena"]
[Date "2024.04.09"]
[Round "3"]
[White "Triskaidekaphobe"]
[Black "Jamie Fraser"]
[Result "0-1"]
[WhiteElo "1620"]
[BlackElo "2119"]
[Annotator "RC"]
[PlyCount "66"]
[EventDate "2024.04.09"]
[EventType "swiss (blitz)"]
[TimeControl "60"]

1. e4 e5 2. Nf3 Nc6 3. Bb5 a6 4. Ba4 Nf6 5. O-O b5 6. Bb3 Bb7 7. d3 Bc5 8. a4 O-O 9. Bg5 h6 10. Bh4 Qe7 11. c3 d6 12. Nbd2 g5 13. axb5 axb5 14. Bg3 Rxa1 15. Qxa1 Ra8 16. Qc1 Ng4 17. Re1 Qf6 18. h3 h5 19. hxg4 h4 20. Bh2 b4 21. Qd1 Kg7 22. Bd5 Ra6 23. Nb3 Bb6 24. d4 exd4 25. cxd4 Ra2 26. Qc2 h3 27. Bxc6 Bxc6 28. Qxc6 Rxb2 29. Qd5 c6 30. Qxc6 Rxb3 31. Qxb6 Rxf3 32. gxf3 Qxf3 33. Bxd6 Qg2# {[%emt 0:00:01] (Lag: Av=0.07s, max=0.7s)} 0-1

[Event "Test Tournament"]
[Site "Emanuel Lasker Arena"]
[Date "2024.04.09"]
[Round "4"]
[White "Swindler"]
[Black "Fuerteventura"]
[Result "0-1"]
[WhiteElo "2226"]
[BlackElo "1620"]
[Annotator "RC"]
[PlyCount "36"]
[EventDate "2024.04.09"]
[EventType "swiss (blitz)"]
[TimeControl "60"]

1. e4 e5 2. Nf3 Nc6 3. Bb5 a6 4. Ba4 Nf6 5. O-O Nxe4 6. d4 b5 7. Bb3 d5 8. dxe5 Be6 9. Nbd2 Nc5 10. c3 d4 11. cxd4 Nxd4 12. Nxd4 Qxd4 13. Bxe6 Nxe6 14. Qf3 Rd8 15. Qc6+ Qd7 16. Ne4 Qxc6 17. Re1 Qxe4 18. Rxe4 Rd1+ {[%emt 0:00:03] Swindler resigns (Lag: Av=0.12s, max=1.1s)} 0-1

[Event "Test Tournament"]
[Site "Emanuel Lasker Arena"]
[Date "2024.04.09"]
[Round "4"]
[White "Chartwell"]
[Black "Roberta Draper"]
[Result "0-1"]
[WhiteElo "2149"]
[BlackElo "1620"]
[Annotator "RC"]
[PlyCount "80"]
[EventDate "2024.04.09"]
[EventType "swiss (blitz)"]
[TimeControl "60"]

1. c4 c5 2. g3 Nf6 3. Bg2 Nc6 4. Nc3 g6 5. a3 Bg7 6. Rb1 a5 7. e4 d6 8. Nf3 Bg4 9. d3 Nd7 10. h3 Bxf3 11. Bxf3 Nd4 12. Nd5 Ne5 13. Bg4 h5 14. Be2 Bh6 15. Qa4+ Kf8 16. f4 e6 17. fxe5 b5 18. cxb5 Bxc1 19. Rxc1 exd5 20. exd5 Qg5 21. Rc4 Qe3 22. Rxd4 cxd4 23. e6 fxe6 24. dxe6 Rc8 25. Rf1+ Ke7 26. Rf7+ Kxe6 27. Qb3+ d5 28. Kf1 Kxf7 29. Qxd5+ Kg7 30. Qb7+ Kh6 31. Bd1 Rc1 32. Kg2 Rxd1 33. Qg7+ Kxg7 34. b6 Rf8 35. b7 Rd2+ 36. Kh1 Rff2 37. h4 Rg2 38. b8=R Rxb2 39. Rd8 Qxg3 40. Rxd4 Rh2# {[%emt 0:00:01] (Lag: Av=0.10s, max=0.9s)} 0-1

[Event "Test Tournament"]
[Site "Emanuel Lasker Arena"]
[Date "2024.04.09"]
[Round "4"]
[White "Jamie Fraser"]
[Black "Daenerys"]
[Result "1-0"]
[WhiteElo "2119"]
[BlackElo "1922"]
[Annotator "RC"]
[PlyCount "53"]
[EventDate "2024.04.09"]
[EventType "swiss (blitz)"]
[TimeControl "60"]

1. e4 e5 2. Nf3 Nc6 3. Bb5 f5 4. Nc3 fxe4 5. Nxe4 Nf6 6. Nxf6+ Qxf6 7. O-O Be7 8. Qe2 d6 9. d4 exd4 10. Bg5 Qe6 11. Qxe6 Bxe6 12. Rfe1 h6 13. Nxd4 hxg5 14. Nxe6 Kf7 15. Nxc7 Rac8 16. Nd5 Ne5 17. c4 g4 18. Re4 Rc5 19. b4 g3 20. Rf4+ Bf6 21. bxc5 Rxh2 22. cxd6 Ng6 23. Rf5 Nh4 24. Rf4 Rxg2+ 25. Kf1 Rh2 26. Nxf6 Rh1+ {[%emt 0:00:01] '} 27. Ke2 {[%emt 0:00:01] (Lag: Av=0.09s, max=1.0s)} 1-0

[Event "Test Tournament"]
[Site "Emanuel Lasker Arena"]
[Date "2024.04.09"]
[Round "4"]
[White "Irina"]
[Black "Sauerbruch"]
[Result "1-0"]
[WhiteElo "2113"]
[BlackElo "1620"]
[Annotator "RC"]
[PlyCount "89"]
[EventDate "2024.04.09"]
[EventType "swiss (blitz)"]
[TimeControl "60"]

1. d4 f5 2. c4 Nf6 3. g3 e6 4. Bg2 Bb4+ 5. Nc3 O-O 6. Bd2 Qe7 7. Nh3 d5 8. cxd5 Bxc3 9. Bxc3 Nxd5 10. e4 e5 11. Qb3 c6 12. exd5 exd4+ 13. Kf1 dxc3 14. dxc6+ Qe6 15. cxb7 Qxb3 16. bxa8=Q cxb2 17. Bd5+ Be6 18. Bxe6+ Qxe6 19. Kg2 Nc6 20. Qb7 Qe4+ 21. f3 bxa1=Q 22. Rxa1 Qd4 23. Rf1 Ne5 24. Rf2 h5 25. Qb2 Qe3 26. Qd2 f4 27. Nxf4 Qc5 28. Qd5+ Qxd5 29. Nxd5 h4 30. Ne7+ Kf7 31. Nf5 Nd3 32. Rf1 g5 33. f4 Kf6 34. fxg5+ Kxg5 35. gxh4+ Kf6 36. h5 Kg5 37. h4+ Kf6 38. Nd4+ Ke7 39. h6 Rf6 40. h7 Rf4 41. h8=Q Kd7 42. Qg7+ Kd6 43. Nb5+ Kc6 44. Nxa7+ Kb6 {[%emt 0:00:01] '} 45. Qh6+ {[%emt 0:00:01] (Lag: Av=0.10s, max=1.1s)} 1-0

[Event "Test Tournament"]
[Site "Emanuel Lasker Arena"]
[Date "2024.04.09"]
[Round "4"]
[White "Kalinda"]
[Black "Churchill"]
[Result "1-0"]
[WhiteElo "2102"]
[BlackElo "1620"]
[Annotator "RC"]
[PlyCount "61"]
[EventDate "2024.04.09"]
[EventType "swiss (blitz)"]
[TimeControl "60"]

1. d4 Nf6 2. c4 e6 3. Nc3 Bb4 4. e3 O-O 5. Bd3 d5 6. cxd5 exd5 7. a3 c5 8. axb4 cxb4 9. Nb5 Ne4 10. Qh5 Qf6 11. Nh3 g6 12. Qxd5 Bxh3 13. Bxe4 Rd8 14. Qxb7 Bg4 15. Qxa8 h5 16. Rxa7 Bc8 17. Qxb8 Bf5 18. Rxf7 Kxf7 19. Qc7+ Kf8 20. Bxf5 gxf5 21. Bd2 Kg8 22. Bxb4 h4 23. Bf8 Kxf8 24. O-O f4 25. b4 f3 26. g4 hxg3 27. hxg3 Ke8 28. Nc3 Kf8 29. Re1 Qg5 30. Ne4 Qd5 31. b5 {[%emt 0:00:04] Time (Lag: Av=0.09s, max=1.0s)} 1-0

[Event "Test Tournament"]
[Site "Emanuel Lasker Arena"]
[Date "2024.04.09"]
[Round "4"]
[White "MikhailBerg"]
[Black "Antonella"]
[Result "0-1"]
[WhiteElo "2094"]
[BlackElo "2040"]
[Annotator "RC"]
[PlyCount "76"]
[EventDate "2024.04.09"]
[EventType "swiss (blitz)"]
[TimeControl "60"]

1. e4 c5 2. Nf3 Nc6 3. d4 cxd4 4. Nxd4 Nf6 5. Nc3 e5 6. Ndb5 d6 7. Bg5 a6 8. Na3 b5 9. Bxf6 gxf6 10. Nd5 f5 11. c3 Bg7 12. Bd3 Be6 13. Nxb5 axb5 14. Bxb5 Rc8 15. Qa4 Bd7 16. exf5 Qg5 17. g4 h5 18. h4 Qxg4 19. Qxg4 hxg4 20. f6 Bf8 21. a4 Rh6 22. b4 Be6 23. Nb6 Rc7 24. a5 Rxf6 25. a6 Kd8 26. h5 d5 27. Rd1 d4 28. Rh4 Bh6 29. Ke2 e4 30. cxd4 Nxb4 31. d5 Bc8 32. d6 Rc2+ 33. Ke1 Rfxf2 34. a7 Nd3+ 35. Bxd3 exd3 36. Rxd3 Rce2+ 37. Kd1 Ra2 38. a8=Q Rf1# {[%emt 0:00:02] (Lag: Av=0.10s, max=1.1s)} 0-1